 Dungeon Crawl Stone Soup version 0.19-a0-905-ge5e6a15 (webtiles) character file.

2908 Lessnames the Carver (level 9, -10/79 HPs)
             Began as a Demigod Fighter on July 5, 2016.
             Killed by the air
             ... invoked by Gastronok
              (42 damage)
             ... on level 8 of the Dungeon.
             The game lasted 00:16:01 (8024 turns).

Lessnames the Carver (Demigod Fighter)              Turns: 8024, Time: 00:16:02

Health: -10/79     AC: 12    Str: 26    XL:     9   Next: 25%
Magic:  14/14      EV:  5    Int: 12    God:
Gold:   407        SH: 10    Dex: 19    Spells: 0 memorised, 8 levels left

rFire  . . .     SeeInvis .     a - +0 long sword
rCold  + . .     Gourm    .     K - +2 chain mail {rPois}
rNeg   . . .     Faith    .     c - +0 shield
rPois  +         Spirit   .     (no helmet)
rElec  .         Dismiss  .     (no cloak)
rCorr  .         Reflect  .     (no gloves)
SustAt +         Harm     .     y - +0 pair of boots
MR     .....                    s - amulet of rage
Stlth  ..........               (no ring)
                                i - ring of protection from cold

@: mighty, exhausted, slowed, very slow, not resistant to hostile enchantments,
extremely unstealthy
A: high mp 1, sustain attributes
a: Evoke Berserk Rage


You were on level 8 of the Dungeon.
You were very hungry.

You visited 1 branch of the dungeon, and saw 8 of its levels.

You collected 407 gold pieces.

Inventory:

Hand Weapons
 a - a +0 long sword (weapon)
Missiles
 x - 5 tomahawks (quivered)
Armour
 c - a +0 shield (worn)
 y - a +0 pair of boots (worn)
 K - a +2 chain mail of poison resistance (worn)
Jewellery
 i - a ring of protection from cold (left hand)
 s - an amulet of rage (around neck)
Wands
 C - a wand of digging (12/24)
 G - a wand of flame (30/48)
 L - a wand of polymorph (7/24)
Scrolls
 b - a scroll of holy word {unknown}
 e - 2 scrolls of teleportation {unknown}
 h - a scroll of amnesia {unknown}
 k - a scroll of enchant armour {unknown}
 l - 2 scrolls of fog {unknown}
 m - a scroll of immolation {unknown}
 n - 2 scrolls of magic mapping {unknown}
 q - a scroll of remove curse
 w - 3 scrolls of noise {unknown}
 A - a scroll of random uselessness {unknown}
 E - 2 scrolls of blinking
Potions
 d - a potion of might
 g - 4 potions of heal wounds
 r - a potion of degeneration
 t - a potion of agility
 u - a potion of lignification
 v - a potion of curing
 z - a potion of magic
 H - a potion of brilliance
 I - a potion of haste {unknown}
Books
 D - a book of the Sky

   Spells                             Type                      Level
   a - Summon Lightning Spire         Summoning/Air                4
   b - Airstrike                      Air                          4
   c - Silence                        Hexes/Air                    5
   d - Deflect Missiles               Charms/Air                   6
   e - Conjure Ball Lightning         Conjuration/Air              6
   f - Tornado                        Air                          9
Comestibles
 f - 8 bread rations
 j - a beef jerky
 o - a royal jelly
 p - 10 fruits
 B - 5 chunks of flesh
 F - 2 meat rations
 J - 8 slices of pizza


   Skills:
 + Level 7.0 Fighting
 + Level 9.7 Long Blades
 - Level 2.6 Armour
 - Level 2.6 Shields
 - Level 3.3 Evocations


You had 8 spell levels left.
You didn't know any spells.

Dungeon Overview and Level Annotations

Branches:
Dungeon (8/15)             Temple (0/1) D:5            Lair (0/6) D:8

Annotations:
D:8 Gastronok


Innate Abilities, Weirdness & Mutations

You have an increased reservoir of magic. (+10% MP)
Your attributes are resistant to harm.


Message History

Gastronok is severely wounded.
Gastronok bites you!!
You hit Gastronok.
Gastronok is severely wounded.
Gastronok casts a spell.
Gastronok puts on a burst of speed!
You slash Gastronok!
Gastronok is severely wounded.
Gastronok bites you!
You slash Gastronok!
Gastronok is almost dead.
You slash Gastronok!
Gastronok is almost dead.
Gastronok bites you but does no damage.
You slash Gastronok!
Gastronok is almost dead.
Gastronok waves his eye-stalks in wide circles.
The air twists around and strikes you!
Ouch! That really hurt!
You die...

#.............
##....#..###).
#####...### ##. #.
#..#...## ##. #.#
#..#....#####.^ #.#
##.#(......##... #.#
##...#...........
#.####....#...........
#...@..#####.........
#.#w#### ##........
#....# ##.......
##...# ##....## ..).#
#.>... #.?...# ##...
..###..# ## .<# #..#
..# #w.#


You could see Gastronok.

Vanquished Creatures
  A hungry ghost (D:7)
  2 orc warriors
  8 ogres
  A necrophage (D:7)
  3 centaurs
  A giant frog (D:7)
  A wyvern zombie (D:5)
  A scorpion (D:6)
  A wyvern skeleton (D:8)
  5 jellies
  2 howler monkeys
  3 crimson imps
  2 giant frog zombies
  3 hounds
  4 orc wizards
  5 orc priests
  Jessica (D:2)
  An iguana (D:7)
  6 worker ants
  2 killer bee zombies (D:7)
  A hound skeleton (D:6)
  A howler monkey zombie (D:5)
  7 gnolls
  A howler monkey skeleton (D:7)
  11 adders
  2 shadow imps (D:6)
  An ooze (D:5)
  An adder zombie (D:5)
  An adder skeleton (D:5)
  4 worms
  4 dart slugs
  26 orcs
  2 bats
  5 giant cockroaches
  8 hobgoblins
  15 jackals
  13 kobolds
  2 quokkas
  A ball python (D:1)
  4 giant newts
  10 goblins
  3 rats (D:1)
176 creatures vanquished.

Notes
Turn   | Place    | Note
-------+----------+-------------------------------------------
     0 | D:1      | Lessnames the Demigod Fighter began the quest for the Orb.
     0 | D:1      | Reached XP level 1. HP: 18/18 MP: 3/3
    56 | D:1      | Reached skill level 2 in Long Blades
   112 | D:1      | Reached XP level 2. HP: 5/25 MP: 4/4
   403 | D:1      | Reached skill level 3 in Long Blades
   694 | D:1      | Reached XP level 3. HP: 26/30 MP: 5/5
   935 | D:2      | Noticed Jessica
   940 | D:2      | Killed Jessica
   940 | D:2      | Reached skill level 4 in Long Blades
  1038 | D:2      | Reached XP level 4. HP: 34/37 MP: 6/6
  2323 | D:3      | Reached skill level 1 in Evocations
  2509 | D:4      | Reached XP level 5. HP: 29/45 MP: 8/8
  2951 | D:4      | Noticed an ogre
  2972 | D:4      | Killed an ogre
  2972 | D:4      | Reached skill level 5 in Long Blades
  2972 | D:4      | Reached XP level 6. HP: 51/51 MP: 10/10
  3426 | D:5      | Entered Level 5 of the Dungeon
  3471 | D:5      | Found a staircase to the Ecumenical Temple.
  3645 | D:5      | Reached skill level 6 in Long Blades
  3645 | D:5      | Reached XP level 7. HP: 48/59 MP: 11/11
  4120 | D:5      | Identified Joamuuj's Incunabulum of Protection
  5026 | D:5      | Found an iron altar of Okawaru.
  5097 | D:5      | Reached skill level 7 in Long Blades
  5227 | D:6      | Reached skill level 5 in Fighting
  5227 | D:6      | Reached XP level 8. HP: 68/68 MP: 13/13
  5681 | D:6      | Reached skill level 8 in Long Blades
  6794 | D:7      | Found a sand-covered staircase.
  6876 | D:7      | Reached skill level 9 in Long Blades
  6935 | D:7      | Reached XP level 9. HP: 74/78 MP: 14/14
  7823 | D:8      | Found a staircase to the Lair.
  7980 | D:8      | Noticed Gastronok
  8024 | D:8      | Killed from afar by Gastronok

Vault maps used:
D:1:      evilmike_arrival_hilbert_curve
D:2:      uniq_jessica
D:3:      minmay_strange_pillars
D:4:      minmay_overflow_temple_star_quad, first_bread
D:5:      okawaru_altar_gauntlet_db, hangedman_minor_gate_pass
D:6:      serial_curves, eino_curves_01, eino_curves_04
D:7:      enter_ossuary_2
D:8:      lair_0_dummy, grunt_pizzeria, uniq_gastronok, uniq_psyche

Skill      XL: |  1  2  3  4  5  6  7  8  9 |
---------------+----------------------------+-----
Long Blades    | 2 3 4 5 6 7 9 |  9.7
Fighting       | 3 4 5 6 7 |  7.0
Evocations     | 1 2 3 |  3.3
Armour         | |  2.6
Shields        | |  2.6

Action                   |  1- 3 |  4- 6 |  7- 9 || total
-------------------------+-------+-------+-------++-------
Melee: Long sword        |   129 |   204 |   536 ||   869
 Abil: Evoke Berserk Rag |       |     6 |    15 ||    21
  Use: Scroll            |       |       |     9 ||     9
       Potion            |       |       |     2 ||     2
 Stab: Distracted        |       |       |     1 ||     1
  Eat: Chunk             |     7 |    11 |    26 ||    44
       Pizza             |       |       |     1 ||     1
Armor: Scale mail        |    40 |    22 |       ||    62
       Chain mail        |       |    44 |   213 ||   257
Dodge: Dodged            |    36 |    34 |    80 ||   150
Block: Shield            |    64 |   109 |   215 ||   388
